 Dungeon Crawl Stone Soup version 0.26-a0-1147-g3780a7a11b (webtiles) character file.

Game seed: 9114553026911779190

15 hatsuma the Charlatan (level 2, -3/26 HPs)
             Began as a Deep Dwarf Artificer on Dec 22, 2020.
             Slain by a gnoll
             ... wielding a +0 halberd
              (12 damage)
             ... on level 1 of the Dungeon.
             The game lasted 00:06:59 (428 turns).

hatsuma the Charlatan (Deep Dwarf Artificer)         Turns: 428, Time: 00:06:59

Health: -3/26      AC:  3    Str: 15    XL:     2   Next: 34%
Magic:  2/2        EV: 12    Int: 11    God:
Gold:   32         SH:  0    Dex: 13    Spells: 1/1 levels left

rFire    . . .     SeeInvis .   a - +0 club
rCold    . . .     Faith    .   (no shield)
rNeg     . . .     Spirit   .   b - +0 leather armour
rPois    .         Reflect  .   (no helmet)
rElec    .         Harm     .   (no cloak)
rCorr    .         Rampage  .   (no gloves)
Will     .....                  (no boots)
Stlth    +.........             (no amulet)
HPRegen  0.00/turn              (no ring)
MPRegen  0.08/turn              (no ring)

@: non-regenerating
A: damage resistance, heal wounds, sense surroundings 1, no regeneration
a: Heal Wounds


You were on level 1 of the Dungeon.
You visited 1 branch of the dungeon, and saw 1 of its levels.

You collected 32 gold pieces.

Inventory:

Hand Weapons
 a - a +0 club (weapon)
Missiles
 g - 43 stones
 k - 19 arrows
Armour
 b - a +0 leather armour (worn)
Wands
 c - a wand of flame (14)
 d - a wand of enslavement (15)
 e - a wand of random effects (9) (quivered)
Scrolls
 f - a scroll of remove curse {unknown}
 i - a scroll of random uselessness {unknown}
 j - a scroll of identify {unknown}
Potions
 h - a potion of flight {unknown}


   Skills:
 - Level 2.0 Fighting
 - Level 2.1 Armour
 + Level 1.5 Dodging
 - Level 1.2 Stealth
 - Level 4.0 Evocations


You had one spell level left.
You didn't know any spells.
Your spell library was empty.

Dungeon Overview and Level Annotations

Branches:
Dungeon (1/15)

Altars:


Innate Abilities, Weirdness & Mutations

You are resistant to damage.
You can heal yourself by infusing magical energy.
You passively map a small area around you.
You do not regenerate.


Message History

Found 19 arrows.
You see here 19 arrows.
k - 19 arrows
Found an escape hatch in the floor.
There is an escape hatch in the floor here.
Found a stone staircase leading down.
There is a stone staircase leading down here.
A gnoll comes into view. It is wielding a +0 halberd.
Aiming: Random Effects
Press: ? - help, Q - select action, (/) - cycle Shift-Dir - straight line, f - gnoll
Aim: a gnoll, wielding a +0 halberd (asleep)
The puff of frost hits the gnoll!
The gnoll is heavily wounded.
The gnoll shouts!
Aiming: Random Effects
Press: ? - help, Q - select action, (/) - cycle Shift-Dir - straight line, f/p - gnoll
Aim: a gnoll, wielding a +0 halberd (heavily wounded)
The gnoll twists and deforms.
The gnoll hits you with a +0 halberd!
You die...

#.#######.#.##.# #.#
#..###...# * #.#
#.#.#.##.# , #.#
#.##.##....*, #.#
#.##.##.####* #.#
###.##.##....#
###.###......##....#
.............>.....#.#
#...###.#..####.@....#
#.### #.#..#
##g.###..# #.# #.#..#
#.#.. , #.# #.#...,
..##.#* , #.# #..#.##
###*.# * #.# ##. .# *
* # #.# . , ,, #.# *
#.# ,


You could see a gnoll (misshapen).

Vanquished Creatures
  A dart slug (D:1)
  A leopard gecko (D:1)
  2 hobgoblins (D:1)
  3 jackals (D:1)
  A kobold (D:1)
  2 bats (D:1)
  A frilled lizard (D:1)
11 creatures vanquished.

Notes
Turn   | Place    | Note
-------+----------+-------------------------------------------
     0 | D:1      | hatsuma the Deep Dwarf Artificer began the quest for the
                  | Orb.
     0 | D:1      | Reached XP level 1. HP: 16/16 MP: 1/1
    27 | D:1      | Reached skill level 1 in Fighting
   169 | D:1      | Reached XP level 2. HP: 9/26 MP: 2/2
   428 | D:1      | Slain by a gnoll

Illustrated notes

Levels and vault maps discovered:
D:1:      grunt_arrival_crossed_arrows, layout_loops_ring

Skill      XL: |  1  2 |
---------------+-------+-----
Fighting       | 1 2 |  2.0
Armour         | |  2.1
Dodging        | |  1.5
Stealth        | |  1.2
Evocations     | |  4.0

Action                   || total
-------------------------++-------
Melee: Club              ||    30
Evoke: Wand              ||     7
 Stab: Sleeping          ||     1
Armor: Leather armour    ||     8
Dodge: Dodged            ||    19

Table legend: (Time is in decaauts)
 A = Elapsed time spent in this place.
 B = Non-inter-level travel time spent in this place.
 C = Inter-level travel time spent in this place.
 D = Time resting spent in this place.
 E = Time spent auto-exploring this place.
 F = Levels seen in this place.
 G = Mean time per level.
                   A        B        C        D        E       F      G
               +--------+--------+--------+--------+--------+-----+--------+
         Total |    437 |    437 |      0 |      0 |      0 |   1 |  437.0 |
       Dungeon |    437 |    437 |      0 |      0 |      0 |   1 |  437.0 |
               +--------+--------+--------+--------+--------+-----+--------+

Top non-repeatable levels by time:
     D:1: 437 daAuts
